Map: Акрополь РВ

Players

Murena

  • Race: Terran Terran
  • Spawn Location: 5:00

ИИ 1 (эксперт) - Winner!

  • Race: Terran Terran
  • Spawn Location: 11:00

VOD

Have the link to the VOD?

Description

Time

  • Played on: Aug. 15, 2019, 5:37 a.m.
  • Length: 9:26
Show
View Real Time Build Order
Export as new Build Order

Murena Terran 

Build Orders: Command Center First (CC) 

Get SALT Encoding   

  12  0:01  SCV  
  13  0:13  SCV  
  14  0:21  Supply Depot  
  14  0:26  SCV  
  15  0:54  Command Center  
  15  1:06  Barracks  
  15  1:09  SCV  
  16  1:17  Refinery  
  16  1:21  SCV  
  17  1:29  Supply Depot  
  17  1:34  SCV  
  18  1:46  SCV  
  19  1:53  Marine  
  20  1:57  Refinery  
  20  1:59  Orbital Command  
  20  2:07  SCV  
  21  2:11  Marine  
  22  2:19  SCV  
  23  2:25  SCV  
  23  2:26  Factory  
  23  2:29  Marine  
  25  2:32  SCV  
  26  2:37  SCV  
  27  2:45  Orbital Command  
  27  2:47  Marine  
  27  2:49  SCV  
  29  3:03  SCV  
  30  3:07  Supply Depot, Barracks Tech Lab  
  30  3:11  SCV  
  31  3:13  Starport  
  31  3:18  SCV  
  32  3:24  Starport, SCV  
  32  3:27  Marauder  
  35  3:32  SCV  
  36  3:38  SCV  
  36  3:39  Starport  
  37  3:45  SCV  
  38  3:50  Starport Tech Lab  
  38  3:51  Marauder, Supply Depot  
  38  3:52  SCV  
  41  3:58  SCV  
  41  4:02  Refinery  
  42  4:04  Starport Tech Lab  
  42  4:05  SCV  
  43  4:10  Banshee  
  43  4:13  Marauder  
  43  4:14  SCV  
  49  4:17  Starport Tech Lab  
  49  4:19  SCV  
  50  4:26  Banshee  
  50  4:30  SCV, Supply Depot  
  54  4:32  SCV  
  54  4:37  Refinery, Banshee  
  58  4:42  Marauder  
  58  4:43  SCV  
  61  4:47  SCV  
  61  4:48  Supply Depot  
  62  4:53  Banshee  
  62  4:56  SCV  
  66  5:00  SCV  
  66  5:05  Supply Depot  
  66  5:06  Marauder  
  69  5:09  Banshee  
  69  5:11  SCV  
  69  5:13  SCV  
  74  5:18  Supply Depot  
  74  5:21  Banshee  
  74  5:25  SCV  
  74  5:27  SCV  
  79  5:29  Marauder  
  79  5:34  Engineering Bay  
  81  5:38  Fusion Core  
  81  5:39  Barracks  
  81  5:40  SCV  
  81  5:41  SCV  
  81  5:42  Banshee  
  86  5:52  Barracks, Banshee  
  89  5:57  Supply Depot  
  89  5:58  SCV x2  
  91  6:07  Marauder  
  91  6:10  Armory  
  91  6:11  SCV  
  94  6:18  SCV  
  94  6:19  Banshee  
  94  6:21  Terran Infantry Weapons Level 1  
  94  6:24  SCV  
  99  6:29  Concussive Shells  
  99  6:31  Command Center  
  99  6:33  SCV  
  99  6:38  Supply Depot  
  100  6:40  Supply Depot  
  100  6:42  SCV  
  101  6:48  SCV  
  101  6:49  Cloaking Field  
  101  6:52  Hyperflight Rotors  
  102  6:58  Barracks Tech Lab  
  102  6:59  SCV, Barracks Tech Lab  
  103  7:01  SCV  
  103  7:05  Supply Depot  
Show
View Real Time Build Order
Export as new Build Order

ИИ 1 (эксперт) Terran - Winner!

Build Orders:  

Get SALT Encoding   

  12  0:00  SCV  
  13  0:13  SCV  
  14  0:18  Supply Depot  
  14  0:25  SCV  
  15  0:28  Refinery  
  15  0:40  SCV  
  16  0:46  Barracks  
  16  0:52  SCV  
  17  1:04  SCV  
  17  1:07  Supply Depot  
  18  1:16  SCV  
  19  1:28  SCV  
  20  1:35  Marine, Factory  
  21  1:41  Barracks  
  21  1:43  SCV  
  22  1:53  Marine  
  23  1:55  SCV  
  23  2:00  Supply Depot  
  24  2:07  SCV  
  25  2:11  Marine  
  26  2:19  SCV, Factory Tech Lab  
  27  2:29  Marine  
  28  2:31  SCV  
  28  2:32  Marine  
  30  2:39  Siege Tank  
  30  2:43  SCV  
  34  3:00  Command Center  
  34  3:07  Orbital Command  
  34  3:12  Refinery  
  34  3:23  Marine  
  34  3:25  Marine  
  36  3:32  SCV  
  37  3:41  Marine  
  37  3:43  Marine  
  37  3:44  Supply Depot  
  39  3:55  Barracks  
  39  3:59  Barracks Tech Lab  
  39  4:02  Barracks Tech Lab  
  39  4:06  SCV  
  40  4:12  Starport, SCV  
  41  4:18  SCV  
  42  4:24  SCV  
  42  4:25  Marine  
  42  4:26  Marine  
  42  4:30  SCV  
  46  4:32  Stimpack  
  46  4:35  Combat Shield  
  46  4:36  SCV  
  47  4:42  SCV  
  48  4:48  SCV, Marine  
  48  4:51  Marine  
  51  4:53  Marine  
  51  4:54  SCV  
  53  5:00  SCV  
  53  5:03  Supply Depot  
  53  5:06  Marauder, SCV  
  57  5:07  Refinery  
  57  5:09  Marauder  
  57  5:13  SCV  
  60  5:18  Refinery  
  60  5:21  Engineering Bay  
  60  5:24  SCV  
  60  5:25  Orbital Command  
  60  5:28  Marauder  
  63  5:32  Supply Depot  
  63  5:33  Marauder  
  65  5:36  SCV  
  66  5:49  Terran Infantry Weapons Level 1, SCV, Marauder  
  69  5:51  SCV  
  69  5:55  Marauder  
  72  5:57  Supply Depot  
  72  6:01  SCV  
  72  6:03  SCV  
  74  6:10  Medivac  
  74  6:11  Barracks Reactor, Marauder, Engineering Bay  
  78  6:19  Marauder, SCV  
  78  6:20  Command Center, Supply Depot  
  81  6:32  SCV  
  82  6:34  SCV  
  82  6:35  Concussive Shells  
  82  6:36  Terran Infantry Armor Level 1  
  83  6:40  Marauder  
  83  6:41  Medivac  
  83  6:42  Marauder  
  83  6:44  SCV  
  83  6:47  SCV, Supply Depot  
  90  6:48  Marine x2  
  90  6:54  Missile Turret  
  93  6:56  SCV  
  94  7:02  Missile Turret  
  94  7:04  Barracks  
  94  7:09  Marauder  
  94  7:10  Marauder  
  94  7:11  Supply Depot, Marine  
  94  7:12  Starport Reactor, Marine  
  99  7:32  Marine  
  99  7:33  Marauder  
  99  7:37  Missile Turret  
  98  7:38  Supply Depot  
  98  7:40  Marine x2  
  88  7:48  Viking x2  
  88  7:50  Marine  
  88  7:51  Marine  
  86  7:54  Marine  
  86  7:57  Marine  
  86  7:58  Marine  
  79  8:03  Missile Turret  
  70  8:08  Marauder  
  70  8:09  Marine  
  70  8:11  Marine  
  68  8:15  Command Center, Marine  
  68  8:18  Viking, Medivac  
  72  8:30  Marauder x2  
  64  8:48  Viking  
  66  9:05  Command Center  
Tags
 
Add a new tag
Caveats
  • Supply blocks, unpowered buildings, or Contaminate may cause inaccurate times.
  • Supply counts are checked every 10 seconds.